 Dungeon Crawl Stone Soup version 0.29-a0-315-gaf6dd05e2f (webtiles) character file.

Game seed: 1982721158041263561

1852 Sergey the Zephyrmancer (level 9, -5/89 HPs)
             Began as an Ogre Air Elementalist on Mar 29, 2022.
             Was an Initiate of Nemelex Xobeh.
             Shot with an arrow by a centaur (7 damage)
             ... on level 8 of the Dungeon.
             The game lasted 00:28:39 (13119 turns).

Sergey the Zephyrmancer (Ogre Air Elementalist)    Turns: 13119, Time: 00:28:39

Health: -5/89      AC:  3    Str: 14    XL:     9   Next: 12%
Magic:  19/27      EV:  9    Int: 20    God:    Nemelex Xobeh [......]
Gold:   368        SH:  0    Dex:  9    Spells: 10/20 levels left

rFire   . . .      SeeInvis .   w - +0 falchion (elec)
rCold   . . .      Faith    +   (no shield)
rNeg    . . .      Spirit   .   a - +0 robe
rPois   .          Reflect  .   (helmet restricted)
rElec   .          Harm     .   (no cloak)
rCorr   .          Rampage  .   (gloves unavailable)
Will    .....                   (boots unavailable)
Stlth   +.........              L - amulet of faith
HPRegen 0.24/turn               C - ring of magical power
MPRegen 0.20/turn               x - ring of wizardry

@: weak-willed
A: large, unfitting armour, tough skin 1
a: Renounce Religion, Draw Escape, Draw Destruction, Draw Summoning


You were on level 8 of the Dungeon.
You worshipped Nemelex Xobeh.
Nemelex Xobeh was noncommittal.
You visited 1 branch of the dungeon, and saw 8 of its levels.
You also visited: Sewer.

You collected 368 gold pieces.

Inventory:

Hand Weapons
 g - a +0 shortbow
 k - a +0 spear
 m - a +0 hunting sling
 p - a +0 long sword
 w - a +0 falchion of electrocution (weapon)
 z - a +0 trident
 B - a +0 giant spiked club
 D - a +0 flail of draining
 G - a +1 whip of venom
Missiles
 j - 161 stones
 n - 12 boomerangs
 o - 5 javelins
 E - 4 large rocks
Armour
 a - a +0 robe (worn)
 A - an orb of guile
Magical Staves
 q - a staff of conjuration {!a}
Jewellery
 x - a ring of wizardry (right hand)
 C - a ring of magical power (left hand)
 F - a +6 ring of dexterity
 L - an amulet of faith (around neck)
Wands
 i - a wand of iceblast (7)
 J - a wand of paralysis (5)
Scrolls
 f - a scroll of magic mapping {@r5}
 l - 3 scrolls of teleportation {@r3}
 v - 3 scrolls of fog {@r2}
 y - a scroll of noise
 I - a scroll of vulnerability {unknown}
 K - a scroll of blinking {unknown}
Potions
 b - 2 potions of attraction
 c - 2 potions of heal wounds {@q1}
 d - 2 potions of degeneration
 e - 2 potions of haste {@q5}
 h - a potion of flight
 r - 6 potions of curing {@q2}
 t - a potion of lignification
 u - 2 potions of resistance
 H - a potion of magic


   Skills:
 - Level 6.0 Fighting
 - Level 1.7 Dodging
 - Level 1.4 Stealth
 - Level 6.0 Spellcasting
 - Level 1.0 Conjurations
 - Level 8.0 Air Magic
 + Level 3.0 Invocations
 + Level 2.2 Evocations


You had 10 spell levels left.
You knew the following spells:

 Your Spells              Type           Power      Damage    Failure   Level
a - Airstrike             Air            19%        N/A       1%          4
b - Static Discharge      Conj/Air       24%        N/A       1%          2
l - Shock                 Conj/Air       96%        1d9       1%          1
x - Swiftness             Air            38%        N/A       1%          3

Your spell library contained the following spells:

 Spells                   Type           Power      Damage    Failure   Level
 Fulminant Prism          Conj/Hex       4%         3d6       32%         4
 Iskenderun's Mystic Bla  Conj/Tloc      8%         2d4       32%         4
 Lee's Rapid Deconstruct  Erth           3%         3d6*      71%         5


Dungeon Overview and Level Annotations

Branches:
Dungeon (8/15)             Temple (0/1) D:7           Sewer (visited)
   Lair: D:8-11

Altars:
Hepliaklqana
Nemelex Xobeh

Annotations:
D:1 exclusion: downstairs


Innate Abilities, Weirdness & Mutations

You are too large for most types of armour.
You have tough skin. (AC +1)


Message History

Okay, then.
Unknown command.
Unknown command.
Unknown command.
Unknown command.
Unknown command.
Unknown command.
Unknown command.
Unknown command.
Unknown command.
Unknown command.
Unknown command.
Unknown command.
Unknown command.
Unknown command.
Unknown command.
Unknown command.
Unknown command.
Unknown command.
Unknown command.
Unknown command.
Unknown command.
Unknown command.
Unknown command.
Unknown command.
Unknown command.
Unknown command.
As you read the scroll of holy word, it crumbles to dust.
You speak a Word of immense power!
The phantasmal warrior convulses!
The freezing wraith convulses!
You destroy the freezing wraith!
The wraith convulses!
You destroy the wraith!
The phantasmal warrior hits you!!
* * * LOW HITPOINT WARNING * * *
Your willpower is stripped away!
A death knight comes into view. It is wielding a +0 battleaxe.
The centaur shoots an arrow.
The arrow hits you!
You die...
Your body disappears without a glow.

p.c....(.......
...............
...............
...............
...............
..............#
............#
......W@...#
........##..#
.......## .#
......# ....##
####


You could see a death knight, a phantasmal warrior (dazed) and a centaur.

Vanquished Creatures
  A freezing wraith (D:8)
  A wraith (D:8)
  A water moccasin (D:6)
  2 black bears
  2 centaurs
  An ogre (D:5)
  2 phantoms
  3 necrophages
  A bullfrog (D:6)
  4 scorpions
  A howler monkey (D:6)
  3 hounds
  A jelly (D:7)
  3 orc priests
  3 iguanas
  Ijyb (D:5)
  A hell rat (Sewer)
  3 orc wizards
  Robin (D:2)
  7 gnolls
  A river rat (Sewer)
  4 adders
  A shadow imp (D:6)
  3 ufetubi
  2 worms
  A dart slug (D:1)
  16 orcs
  6 ball pythons
  5 endoplasms
  2 giant cockroaches
  16 goblins
  4 hobgoblins
  6 jackals
  2 quokkas
  6 bats
  A kobold (D:3)
  12 rats
130 creatures vanquished.

Notes
Turn   | Place    | Note
-------+----------+-------------------------------------------
     0 | D:1      | Sergey the Ogre Air Elementalist began the quest for the
                  | Orb.
     0 | D:1      | Reached XP level 1. HP: 16/16 MP: 3/3
   413 | D:1      | Reached skill level 1 in Fighting
   413 | D:1      | Reached XP level 2. HP: 27/27 MP: 0/5
   468 | D:1      | Learned a level 2 spell: Static Discharge
   476 | D:1      | Found a faded altar of an unknown god.
   995 | D:2      | Reached skill level 3 in Air Magic
   995 | D:2      | Noticed Robin
  1450 | D:2      | Reached XP level 3. HP: 35/35 MP: 3/7
  1633 | D:2      | Killed Robin
  1697 | D:1      | Learned a level 3 spell: Swiftness
  2257 | D:2      | Reached skill level 1 in Conjurations
  2950 | D:3      | Reached XP level 4. HP: 42/45 MP: 1/8
  3574 | D:3      | Reached skill level 4 in Air Magic
  5239 | D:4      | Noticed a scorpion
  5275 | D:4      | Reached XP level 5. HP: 53/53 MP: 7/9
  5332 | D:4      | Found a glowing drain.
  5341 | D:4      | Noticed a centaur
  5348 | D:4      | Killed a centaur
  5363 | Sewer    | Entered a sewer
  5477 | Sewer    | Learned a level 4 spell: Airstrike
  5629 | Sewer    | Reached XP level 6. HP: 62/62 MP: 3/12
  6017 | D:4      | Reached skill level 5 in Spellcasting
  6096 | D:4      | Noticed a black bear
  6333 | D:3      | Reached skill level 5 in Air Magic
  6731 | D:4      | Found a sparkling altar of Nemelex Xobeh.
  6873 | D:4      | Became a worshipper of Nemelex Xobeh the Trickster
  7008 | D:4      | Killed a black bear
  7009 | D:4      | Reached XP level 7. HP: 70/70 MP: 5/14
  9530 | D:5      | Entered Level 5 of the Dungeon
  9753 | D:5      | Reached skill level 6 in Air Magic
 10185 | D:5      | Reached XP level 8. HP: 79/79 MP: 13/16
 10328 | D:5      | Noticed Ijyb
 10331 | D:5      | Killed Ijyb
 10332 | D:5      | Reached skill level 5 in Fighting
 11102 | D:6      | Reached skill level 7 in Air Magic
 11918 | D:6      | Reached skill level 8 in Air Magic
 11979 | D:6      | Reached skill level 1 in Invocations
 12058 | D:6      | Reached skill level 1 in Evocations
 12264 | D:7      | Found a hazy altar of Hepliaklqana.
 12303 | D:7      | Reached XP level 9. HP: 80/89 MP: 18/18
 12552 | D:7      | Found a staircase to the Ecumenical Temple.
 13116 | D:8      | Noticed a phantasmal warrior
 13118 | D:8      | Noticed a freezing wraith
 13119 | D:8      | Killed a freezing wraith
 13119 | D:8      | HP: 2/89 [phantasmal warrior[a death knight] (24)]
 13119 | D:8      | Noticed a death knight
 13119 | D:8      | Shot with an arrow by a centaur

Illustrated notes

Levels and vault maps discovered:
D:1:      erik_arrival_blinker_ship, layout_basic,
          shapermc_ecumenical_altar_venn, wad_floor_pattern_untrapped
D:2:      layout_rooms, uniq_robin
D:3:      layout_loops_ring
D:4:      kennysheep_big_flooded_room, layout_loops_ring,
          nemelex_diamond_rough_becter, cheibrodos_sewer_entry_drain
D:5:      layout_loops_ring, uniq_ijyb
D:6:      layout_basic
D:7:      layout_rooms, mainiacjoe_overflow_24_doors, temple_doors_e
D:8:      minmay_the_grid_triangle_9x9_rhombus_full
          [minmay_the_grid_triangle_9x9_swiss_cheese,
          minmay_the_grid_triangle_9x9_minimal,
          minmay_the_grid_triangle_9x9_sparse_checkered,
          minmay_the_grid_triangle_9x9_warning,
          minmay_the_grid_triangle_9x9_stretched_checkered,
          minmay_the_grid_triangle_9x9_corrupted_corridor,
          minmay_the_grid_triangle_9x9_alien,
          minmay_the_grid_triangle_9x9_prize_schism], layout_cave_pods

Skill      XL: |  1  2  3  4  5  6  7  8  9 |
---------------+----------------------------+-----
Fighting       | 1 2 3 4 6 |  6.0
Air Magic      | 3 4 5 6 8 |  8.0
Spellcasting   | 3 4 5 6 |  6.0
Conjurations   | 1 |  1.0
Invocations    | 2 3 |  3.0
Evocations     | 1 2 |  2.2
Dodging        | |  1.7
Stealth        | |  1.4

Action                   |  1- 3 |  4- 6 |  7- 9 || total
-------------------------+-------+-------+-------++-------
Melee: Spear             |    17 |       |       ||    17
       Falchion          |     6 |    18 |       ||    24
       Punch             |       |     1 |       ||     1
 Cast: Shock             |    70 |    87 |     7 ||   164
       Static Discharge  |     1 |    14 |     4 ||    19
       Airstrike         |       |     4 |    85 ||    89
  Use: Scroll            |     7 |     4 |     6 ||    17
       Potion            |       |     1 |       ||     1
 Stab: Sleeping          |     1 |     1 |       ||     2
       Distracted        |     1 |       |       ||     1
Armor: Robe              |    10 |     9 |     1 ||    20
Dodge: Dodged            |    27 |    20 |     5 ||    52

Table legend: (Time is in decaauts)
 A = Elapsed time spent in this place.
 B = Non-inter-level travel time spent in this place.
 C = Inter-level travel time spent in this place.
 D = Time resting spent in this place.
 E = Time spent auto-exploring this place.
 F = Levels seen in this place.
 G = Mean time per level.
                   A        B        C        D        E       F      G
               +--------+--------+--------+--------+--------+-----+--------+
         Total |  13156 |  12501 |    655 |   3557 |   6772 |   9 | 1461.8 |
       Dungeon |  12786 |  12131 |    655 |   3324 |   6756 |   8 | 1598.2 |
         Sewer |    370 |    370 |      0 |    233 |     16 |   1 |  370.0 |
               +--------+--------+--------+--------+--------+-----+--------+

Top non-repeatable levels by time:
     D:3: 5045 daAuts
     D:2: 1657 daAuts
     D:5: 1539 daAuts
     D:1: 1292 daAuts
     D:4: 1230 daAuts
     D:6: 1147 daAuts
     D:7: 868 daAuts
   Sewer: 370 daAuts
     D:8: 6 daAuts
